 Dungeon Crawl Stone Soup version 0.29-a0-344-ge2f44be95a (webtiles) character file.

Game seed: 14866895398477385548

3564 Ijustatesigmund the Thaumaturge (level 9, -8/50 HPs)
             Began as a Deep Elf Conjurer on Apr 22, 2022.
             Was a Follower of Vehumet.
             Mangled by an orc warrior
             ... wielding a +0 broad axe
              (17 damage)
             ... in a bailey.
             The game lasted 00:23:24 (9073 turns).

Ijustatesigmund the Thaumaturge (Deep Elf Conjurer) Turns: 9073, Time: 00:23:24

Health: -8/50      AC:  5    Str:  4    XL:     9   Next: 84%
Magic:  15/25      EV: 17    Int: 28    God:    Vehumet [*.....]
Gold:   370        SH:  0    Dex: 13    Spells: 25/29 levels left

rFire   . . .      SeeInvis .   c - +6 short sword (elec)
rCold   . . .      Faith    .   (no shield)
rNeg    . . .      Spirit   .   a - +0 robe
rPois   .          Reflect  .   (no helmet)
rElec   .          Harm     .   f - +0 cloak
rCorr   .          Rampage  .   e - +1 pair of gloves
Will    .....                   (no boots)
Stlth   ++........              (no amulet)
HPRegen 0.16/turn               n - +4 ring of evasion
MPRegen 0.19/turn               (no ring)

@: hasted, very quick
A: no striking features
a: Renounce Religion


You were in a bailey.
You worshipped Vehumet.
Vehumet was aware of your devotion.
You visited 2 branches of the dungeon, and saw 8 of its levels.
You also visited: Bailey.

You collected 461 gold pieces.
You spent 91 gold pieces at shops.

Inventory:

Hand Weapons
 c - a +6 short sword of electrocution (weapon)
 g - the +0 dagger of Inference {vamp, rC+ rN++ Dex+2 Stlth-}
   (You found it on level 2 of the Dungeon)

   It occasionally heals its wielder for a portion of the damage dealt when it
   wounds a living foe.
   Dex:       It affects your dexterity (+2).
   rC:        It protects you from cold.
   rN:        It greatly protects you from negative energy.
   Stlth:     It makes you less stealthy.
Armour
 a - a +0 robe (worn)
 e - a +1 pair of gloves (worn)
 f - a +0 cloak (worn)
Jewellery
 n - a +4 ring of evasion (left hand)
Wands
 r - a wand of polymorph (8)
 s - a wand of mindburst (13)
Scrolls
 k - a scroll of magic mapping
 l - a scroll of teleportation
 o - a scroll of acquirement
 q - a scroll of amnesia
 v - a scroll of blinking {unknown}
Potions
 b - a potion of magic
 d - 2 potions of haste
 h - 2 potions of flight
 i - a potion of brilliance
 j - 2 potions of curing
 m - a potion of invisibility {unknown}
 p - 4 potions of mutation {unknown}
 t - a potion of might {unknown}
 u - 2 potions of degeneration {unknown}


   Skills:
 - Level 3.0 Fighting
 - Level 3.6 Short Blades
 - Level 5.0 Dodging
 - Level 2.4 Stealth
 + Level 10.8 Spellcasting
 + Level 9.8 Conjurations
 + Level 5.5 Evocations


You had 25 spell levels left.
You knew the following spells:

 Your Spells              Type           Power      Damage    Failure   Level
a - Magic Dart            Conj           100%       1d8       1%          1
b - Searing Ray           Conj           100%       2d8       1%          2
c - Freeze                Ice            60%        1d8       3%          1

Your spell library contained the following spells:

 Spells                   Type           Power      Damage    Failure   Level
 Static Discharge         Conj/Air       42%        N/A       1%          2
 Dazzling Flash           Conj/Hex       84%        N/A       1%          3
 Fulminant Prism          Conj/Hex       21%        3d13      4%          4
 Iskenderun's Mystic Bla  Conj/Tloc      42%        2d10      4%          4
 Sticky Flame             Conj/Fire      42%        2d6       4%          4
 Ensorcelled Hibernation  Hex/Ice        30%        N/A       5%          2
 Ozocubu's Armour         Ice            15%        N/A       11%         3
 Spider Form              Tmut/Pois      15%        N/A       11%         3
 Anguish                  Hex/Necr       7%         N/A       36%         4
 Dispel Undead            Necr           15%        3d10      36%         4
 Ozocubu's Refrigeration  Ice            7%         4d6       100%        7


Dungeon Overview and Level Annotations

Branches:
Dungeon (7/15)             Temple (1/1) D:5          Bailey (1/1)

Altars:
Ashenzari
Cheibriados
Dithmenos
Elyvilon
Fedhas
Gozag
Hepliaklqana
Kikubaaqudgha
Makhleb
Nemelex Xobeh
Okawaru
Qazlal
Ru
Sif Muna
Trog
Uskayaw
Vehumet
Wu Jian
Xom
Yredelemnul
The Shining One

Shops:
D:3 ?

Annotations:
D:3 2 transporters, MirrMurr's ghost, weakling SpEn


Message History

The orc warrior is heavily wounded.
The orc warrior hits you with a +0 broad axe!
The searing ray hits the orc warrior.
The orc warrior is heavily wounded.
The searing ray misses the orc warrior.
The searing ray hits the orc warrior but does no damage.
The orc warrior is heavily wounded.
You finish channelling your searing ray.
The orc warrior closely misses you. The orc warrior completely misses you.
The orc warrior attacks as you move away!
The orc warrior hits you with a +0 broad axe!
The orc warrior attacks as you move away!
The orc warrior barely misses you.
Casting: Searing Ray (safe; 1% risk of failure)
Confirm with . or Enter, or press ? or * to list all spells.
Aiming: Searing Ray (safe; 1% risk of failure)
Press: ? - help, Shift-Dir - straight line, f/p - orc warrior
Aim: an orc warrior, wielding a +0 broad axe and wearing a +0 plate armour (heavily wounded, 83% to hit)
The searing ray hits the orc warrior.
The orc warrior is severely wounded.
The searing ray hits the orc warrior.
The orc warrior is severely wounded. (Press . to maintain the ray.)
The orc warrior misses you.
The searing ray hits the orc warrior.
The orc warrior is severely wounded.
The orc warrior completely misses you.
The orc warrior hits you with a +0 broad axe!!
* * * LOW HITPOINT WARNING * * *
The searing ray hits the orc warrior.
The orc warrior is almost dead.
The orc warrior barely misses you.
The orc warrior hits you with a +0 broad axe!
* * * LOW HITPOINT WARNING * * *
Okay, then.
You feel better. The orc warrior misses you.
The orc warrior closely misses you.
You feel yourself speed up.
The orc warrior hits you with a +0 broad axe!
You die...

##...).....## ##...)....
#.....⌠.....#######.....⌠...
##.........##.....##........
#.........#.......#........
##......)##.......##)......
#.......).........'.......
##.....##....))...##.....#
#######oo...⌠.....#######
##@........## #.........#
##.......## #.......#
##...).## ♣♣##'')##♣
♣....))..♣ ♣♣...))..♣♣♣
♣....∩)....♣


You could see 2 orc warriors.

Vanquished Creatures
  An orc knight (Bailey)
  The ghost of flestrin the Magician, a novice OpCj of Vehumet (D:6)
  Grinder (D:4)
  A steam dragon (D:7)
  Duvessa (D:4)
  A water moccasin (D:6)
  2 ice beasts (D:6)
  A sky beast (D:6)
  2 black bears (D:5)
  6 orc warriors (Bailey)
  4 bullfrogs (D:6)
  2 scorpions
  Dowan (D:4)
  2 howler monkeys (D:7)
  An orc priest (D:5)
  3 hounds
  2 jellies
  Jessica (D:2)
  7 iguanas
  7 gnolls
  9 adders
  A shadow imp (D:5)
  4 white imps
  2 ufetubi
  4 dart slugs
  22 orcs
  6 ball pythons
  8 endoplasms
  5 giant cockroaches
  13 hobgoblins
  6 jackals (D:1)
  7 bats
  5 frilled lizards
  26 goblins
  5 kobolds
  6 rats
176 creatures vanquished.

Notes
Turn   | Place    | Note
-------+----------+-------------------------------------------
     0 | D:1      | Ijustatesigmund the Deep Elf Conjurer began the quest for
                  | the Orb.
     0 | D:1      | Reached XP level 1. HP: 10/10 MP: 6/6
   282 | D:1      | Reached XP level 2. HP: 15/15 MP: 4/8
   834 | D:1      | Reached skill level 4 in Spellcasting
   882 | D:1      | Learned a level 2 spell: Searing Ray
   999 | D:1      | Reached XP level 3. HP: 19/19 MP: 7/10
  1064 | D:1      | Reached skill level 5 in Conjurations
  1292 | D:2      | Identified the +0 dagger of Inference {vamp, rC+ rN++ Dex+2
                  | Stlth-}
  1841 | D:2      | Noticed Jessica
  1843 | D:2      | Killed Jessica
  1844 | D:2      | Reached XP level 4. HP: 19/24 MP: 8/12
  1929 | D:2      | Found a faded altar of an unknown god.
  2190 | D:3      | Found a blossoming altar of Fedhas.
  2203 | D:3      | Found Joutiokoo's Magic Scroll Boutique.
  2215 | D:3      | Bought a scroll of magic mapping for 49 gold pieces
  2215 | D:3      | Bought a scroll of teleportation for 42 gold pieces
  2240 | D:3      | Found a white marble altar of Elyvilon.
  2307 | D:3      | Reached skill level 5 in Spellcasting
  2633 | D:3      | Noticed MirrMurr's ghost (weakling SpEn)
  2634 | D:3      | Found a transporter.
  2666 | D:3      | Found a transporter.
  2797 | D:3      | Reached XP level 5. HP: 28/28 MP: 5/14
  3378 | D:4      | Noticed Grinder
  3386 | D:4      | Killed Grinder
  3387 | D:4      | Reached skill level 6 in Spellcasting
  3387 | D:4      | Reached XP level 6. HP: 15/32 MP: 6/17
  3561 | D:4      | Found an ancient bone altar of Kikubaaqudgha.
  3712 | D:4      | Found a snail-covered altar of Cheibriados.
  3713 | D:4      | Found a shimmering altar of Xom.
  3830 | D:4      | Noticed Duvessa
  3830 | D:4      | Noticed Dowan
  3842 | D:4      | Killed Duvessa
  3843 | D:4      | Reached skill level 1 in Evocations
  4040 | D:4      | Killed Dowan
  4041 | D:4      | Reached skill level 7 in Spellcasting
  4041 | D:4      | Reached XP level 7. HP: 36/36 MP: 11/19
  4699 | D:5      | Entered Level 5 of the Dungeon
  4761 | D:5      | Reached skill level 1 in Fighting
  4761 | D:5      | Reached skill level 1 in Short Blades
  5447 | D:5      | Found a staircase to the Ecumenical Temple.
  5473 | Temple   | Entered the Ecumenical Temple
  5825 | Temple   | Became a worshipper of Vehumet
  5900 | D:5      | Reached XP level 8. HP: 42/44 MP: 21/21
  6014 | D:5      | Reached skill level 8 in Spellcasting
  6176 | D:5      | Found an iron altar of Okawaru.
  6176 | D:5      | Found a shadowy altar of Dithmenos.
  7215 | D:6      | Found a runed translucent door.
  7220 | D:6      | Noticed flestrin's ghost (novice OpCj)
  7328 | D:6      | Killed flestrin's ghost
  7329 | D:6      | Reached skill level 9 in Spellcasting
  7329 | D:6      | Reached XP level 9. HP: 45/50 MP: 14/24
  7596 | D:7      | Found a flagged portal.
  7605 | Bailey   | Entered a bailey
  7717 | Bailey   | Reached * piety under Vehumet
  7717 | Bailey   | Offered knowledge of Freeze by Vehumet.
  7720 | Bailey   | Learned a level 1 spell: Freeze
  7943 | Bailey   | Reached skill level 5 in Dodging
  8352 | Bailey   | Noticed an orc knight
  8389 | Bailey   | Killed an orc knight
  8390 | Bailey   | Reached skill level 10 in Spellcasting
  8613 | Bailey   | Reached skill level 5 in Evocations
  9071 | Bailey   | HP: 1/50 [orc warrior/+0 broad axe (9)]
  9073 | Bailey   | Mangled by an orc warrior

Illustrated notes

Levels and vault maps discovered:
D:1:      dpeg_arrival_line_fractal, layout_basic
D:2:      layout_loops_ring, shapermc_ecumenical_altar_totnotflames,
          uniq_jessica
D:3:      layout_basic, gammafunk_temple_overflow_pools,
          gammafunk_ghost_stat_death, serial_shops, shop
D:4:      layout_basic, nicolae_overflow_hidden_temple, grunt_decor_junction,
          uniq_duvessa, uniq_grinder
D:5:      layout_loops_ring, gammafunk_temple_overflow_elements,
          minmay_temple_entry_metal_lava
D:6:      layout_loops_ring, ebering_ghost_sewer_d
D:7:      layout_cave_pools, serial_shops, shop_fountains, enter_bailey_5
Temple:   minmay_temple_curvy_branch
Bailey:   bailey_axe_minmay_hex_keep, bailey

Skill      XL: |  1  2  3  4  5  6  7  8  9 |
---------------+----------------------------+-----
Spellcasting   | 4 5 6 7 9 10 | 10.8
Conjurations   | 5 6 7 8 9 |  9.8
Dodging        | 3 4 5 |  5.0
Evocations     | 1 3 5 |  5.5
Fighting       | 2 3 |  3.0
Short Blades   | 2 3 |  3.6
Stealth        | |  2.4

Action                   |  1- 3 |  4- 6 |  7- 9 || total
-------------------------+-------+-------+-------++-------
Melee: Long sword        |    19 |     1 |       ||    20
       Short sword       |       |       |   113 ||   113
       Punch             |       |       |     3 ||     3
 Cast: Magic Dart        |    76 |    60 |   108 ||   244
       Searing Ray       |     1 |    11 |    24 ||    36
Evoke: Wand              |       |       |     6 ||     6
  Use: Scroll            |     2 |     7 |     5 ||    14
       Potion            |       |     1 |     4 ||     5
 Stab: Sleeping          |       |       |     3 ||     3
Armor: Robe              |     8 |     1 |    22 ||    31
Dodge: Dodged            |    15 |     7 |   134 ||   156

Table legend: (Time is in decaauts)
 A = Elapsed time spent in this place.
 B = Non-inter-level travel time spent in this place.
 C = Inter-level travel time spent in this place.
 D = Time resting spent in this place.
 E = Time spent auto-exploring this place.
 F = Levels seen in this place.
 G = Mean time per level.
                   A        B        C        D        E       F      G
               +--------+--------+--------+--------+--------+-----+--------+
         Total |   9066 |   8850 |    216 |   2643 |   4979 |   9 | 1007.3 |
       Dungeon |   7221 |   7054 |    167 |   1599 |   4532 |   7 | 1031.6 |
        Temple |    377 |    328 |     49 |      0 |    325 |   1 |  377.0 |
        Bailey |   1467 |   1467 |      0 |   1044 |    122 |   1 | 1467.0 |
               +--------+--------+--------+--------+--------+-----+--------+

Top non-repeatable levels by time:
  Bailey: 1467 daAuts
     D:3: 1349 daAuts
     D:6: 1334 daAuts
     D:4: 1237 daAuts
     D:1: 1233 daAuts
     D:5: 1116 daAuts
     D:2: 867 daAuts
  Temple: 377 daAuts
     D:7: 81 daAuts
